Map: Site Delta LE

Players

Subwayeatn - Winner!

  • Race: Zerg Zerg
  • League: Platinum
  • Spawn Location: 5:00

BliZzWiZz

  • Race: Zerg Zerg
  • League: Platinum
  • Spawn Location: 11:00

VOD

Have the link to the VOD?

Description

Time

  • Played on: Oct. 28, 2023, 7:48 p.m.
  • Length: 5:00
Show
View Real Time Build Order
Export as new Build Order

Subwayeatn Zerg - Winner!

Build Orders: Pool First 

Get SALT Encoding   

  12  0:01  Drone  
  13  0:09  Drone  
  13  0:13  Extractor  
  13  0:29  Spawning Pool  
  12  0:58  Hatchery  
  11  1:16  Queen  
  13  1:27  Metabolic Boost  
  13  1:36  Overlord  
  13  1:41  Zergling x2  
  14  1:56  Zergling x4  
  16  2:06  Zergling x2  
  17  2:10  Queen  
  17  2:13  Zergling x2  
  20  2:33  Zergling x8  
  24  2:41  Zergling x4  
  26  2:50  Zergling x4  
  23  3:05  Zergling x2  
  23  3:06  Zergling x4  
  25  3:19  Zergling x2  
  25  3:20  Zergling x4  
  24  3:40  Zergling x2  
  24  3:41  Zergling x4  
  23  3:52  Zergling x8  
  23  3:53  Zergling x2  
  23  4:20  Zergling x6  
  23  4:21  Zergling x4  
Show
View Real Time Build Order
Export as new Build Order

BliZzWiZz Zerg 

Build Orders: Hatch First 

Get SALT Encoding   

  12  0:00  Drone  
  13  0:10  Drone  
  14  0:16  Extractor, Drone  
  15  0:24  Overlord  
  15  0:42  Drone x2  
  17  0:59  Hatchery  
  16  1:07  Spawning Pool  
  16  1:08  Drone  
  16  1:12  Drone  
  16  1:16  Drone  
  18  1:26  Extractor  
  18  1:27  Overlord  
  17  1:34  Drone  
  18  1:40  Extractor  
  18  1:41  Drone  
  18  1:56  Queen  
  18  1:58  Zergling x2  
  21  2:11  Queen  
  21  2:12  Drone  
  21  2:15  Drone  
  25  2:16  Zergling x2  
  26  2:24  Drone  
  26  2:26  Zergling x2  
  26  2:28  Metabolic Boost  
  28  2:39  Drone  
  29  2:50  Zergling x4  
  31  2:57  Zergling x2  
  32  3:07  Zergling x2  
  31  3:14  Zergling x10  
  28  3:46  Zergling x6  
  25  3:49  Zergling x6  
  22  4:15  Zergling x4  
  24  4:18  Zergling x2  
  24  4:19  Zergling x2  
Tags
 
Add a new tag
Caveats
  • Supply blocks, unpowered buildings, or Contaminate may cause inaccurate times.
  • Supply counts are checked every 10 seconds.